 Dungeon Crawl Stone Soup version 0.21.1-1-g345015f (webtiles) character file.

399 sking99 the Archer (level 6, 37/48 HPs)
             Began as a Centaur Hunter on June 21, 2018.
             Was an Initiate of Fedhas.
             Quit the game on level 3 of the Dungeon.
             The game lasted 00:25:11 (2788 turns).

sking99 the Archer (Centaur Hunter)                 Turns: 2788, Time: 00:25:12

Health: 37/48      AC:  4    Str: 15    XL:     6   Next: 54%
Magic:  6/6        EV:  9    Int: 11    God:    Fedhas [......]
Gold:   85         SH:  0    Dex: 10    Spells: 5/5 levels left

rFire    . . .     SeeInvis .   b - +0 short sword
rCold    . . .     Gourm    .   (no shield)
rNeg     . . .     Faith    .   c - +0 leather armour
rPois    .         Spirit   .   (no helmet)
rElec    .         Reflect  .   (no cloak)
rCorr    .         Harm     .   (no gloves)
MR       .....                  (no barding)
Stlth    +.........             (no amulet)
HPRegen  0.16/turn              (no ring)
MPRegen  0.10/turn              (no ring)

@: very quick
A: large, hooves 3, deformed body, speed 2, tough skin 3
a: Fungal Bloom, Renounce Religion


You were on level 3 of the Dungeon.
You worshipped Fedhas.
Fedhas was noncommittal.
You were not hungry.

You visited 1 branch of the dungeon, and saw 3 of its levels.

You collected 85 gold pieces.

Inventory:

Hand Weapons
 a - a +1 shortbow
 b - a +0 short sword (weapon)
Missiles
 u - 2 arrows (quivered)
Armour
 c - a +0 leather armour (worn)
Jewellery
 j - a cursed ring of loudness {unknown}
 l - an uncursed ring of resist corrosion {unknown}
 o - an uncursed amulet of magic regeneration {unknown}
Scrolls
 g - a scroll of enchant armour {unknown}
 k - a scroll of enchant weapon {unknown}
 m - 4 scrolls of identify {unknown}
 n - a scroll of blinking {unknown}
 p - 3 scrolls of teleportation {unknown}
 q - a scroll of fear {unknown}
 v - 2 scrolls of amnesia {unknown}
 x - a scroll of fog {unknown}
Potions
 e - a potion of haste {unknown}
 h - 2 potions of heal wounds {unknown}
 i - 3 potions of might {unknown}
 r - a potion of mutation {unknown}
 s - 2 potions of ambrosia {unknown}
 t - 2 potions of curing {unknown}
 w - a potion of cancellation {unknown}
Comestibles
 f - 4 rations


   Skills:
 - Level 2.0 Fighting
 + Level 10.3 Bows
 - Level 1.4 Dodging
 - Level 0.4 Stealth


You had 5 spell levels left.
You didn't know any spells.

Dungeon Overview and Level Annotations

Branches:
Dungeon (3/15)

Altars:
Ashenzari
Fedhas
Yredelemnul

Annotations:
D:2 Ijyb


Innate Abilities, Weirdness & Mutations

You have hooves in place of feet.
Armour fits poorly on your strangely shaped body.
You cover ground very quickly.
You have extremely tough skin. (AC +3)


Message History

The orc priest is too close now for your liking.
You see here 18 sling bullets.
The orc priest barely misses you.
You hit the orc priest but do no damage.
You kick the orc priest, but do no damage.
The orc priest looks encouraged for a moment.
You hit the orc priest but do no damage.
The orc priest hits you with a hand axe.
You hit the orc priest but do no damage.
You kick the orc priest.
The orc priest is lightly wounded.
The orc priest hits you with a hand axe.
You hit the orc priest.
The orc priest is lightly wounded.
The orc priest hits you with a hand axe.
You barely miss the orc priest.
The orc priest is lightly wounded.
The orc priest misses you.
The orc priest casts a cantrip, but nothing happens.
Are you sure you want to abandon this character and quit the game? (Confirm with "yes".)

................########
#.
.......#.##.#...########
######.
.##.......#.#..##......#
#......
##.....................#
#......
...........o...........#
#......
..#....###<............#
#......
..#...(.##.#...........#
#......
.###.#.o..##...........#
#......
.###.#.#..##...#@......#
####..(
.#...#..#..#...........#
#...
...#.#)###....###......#
#... ...##..#
#....###......# #.(.
...#.#.# #.#..........##
#.!. .......#
#.##.####.#..# #..)
#..#.#####.#### .........
#...
...#.).......##..........
....
..##..####.#.##..........
....(


You could see an orc priest.

Vanquished Creatures
  Grinder (D:3)
  2 hounds
  An orc wizard (D:3)
  Jessica (D:2)
  2 adders (D:3)
  An ooze (D:1)
  2 worms
  5 dart slugs
  4 orcs (D:3)
  3 ball pythons
  2 giant cockroaches (D:1)
  5 goblins
  6 hobgoblins
  8 bats
  2 frilled lizards (D:3)
  4 kobolds
  6 rats
55 creatures vanquished.

Vanquished Creatures (others)
  11 toadstools
11 creatures vanquished.

Grand Total: 66 creatures vanquished

Notes
Turn   | Place    | Note
-------+----------+-------------------------------------------
     0 | D:1      | sking99 the Centaur Hunter began the quest for the Orb.
     0 | D:1      | Reached XP level 1. HP: 17/17 MP: 1/1
    85 | D:1      | Reached XP level 2. HP: 24/24 MP: 2/2
   173 | D:1      | Reached skill level 6 in Bows
   440 | D:1      | Reached XP level 3. HP: 29/29 MP: 3/3
   787 | D:2      | Found a shattered altar of Ashenzari.
   928 | D:2      | Found a basalt altar of Yredelemnul.
   976 | D:2      | Noticed Jessica
   977 | D:2      | Killed Jessica
   977 | D:2      | Reached skill level 7 in Bows
  1048 | D:2      | Reached XP level 4. HP: 33/36 MP: 4/4
  1050 | D:2      | Found a faded altar of an unknown god.
  1111 | D:2      | Found a blossoming altar of Fedhas.
  1117 | D:2      | Became a worshipper of Fedhas Madash
  1473 | D:3      | Reached skill level 8 in Bows
  1515 | D:3      | Noticed Ijyb
  2025 | D:3      | Reached XP level 5. HP: 33/41 MP: 5/5
  2058 | D:3      | Noticed Grinder
  2095 | D:3      | Paralysed by Grinder for 6 turns
  2104 | D:3      | Killed Grinder
  2104 | D:3      | Reached skill level 10 in Bows
  2104 | D:3      | Reached XP level 6. HP: 31/48 MP: 6/6
  2788 | D:3      | Quit the game

Skill      XL: |  1  2  3  4  5 |
---------------+----------------+-----
Bows           | 6 7 8 10 | 10.3
Fighting       | |  2.0
Dodging        | |  1.4
Stealth        | |  0.4

Action                   |  1- 3 |  4- 6 || total
-------------------------+-------+-------++-------
Melee: Short sword       |    16 |    33 ||    49
       Kick              |     3 |     9 ||    12
 Fire: Shortbow          |    69 |    93 ||   162
Invok: Fungal Bloom      |       |     6 ||     6
  Eat: Ration            |       |     2 ||     2
Armor: Leather armour    |     8 |    36 ||    44
Dodge: Dodged            |     8 |    56 ||    64
